 Dungeon Crawl Stone Soup version 0.20.1-1-g8b1a95d (webtiles) character file.

536 Lanoc the Sneak (level 7, -9/47 HPs)
             Began as an Octopode Assassin on Dec 2, 2017.
             Was a Follower of Dithmenos.
             Mangled by a gnoll
             ... wielding a +0 spear
              (12 damage)
             ... on level 5 of the Dungeon.
             The game lasted 00:12:09 (3789 turns).

Lanoc the Sneak (Octopode Assassin)                 Turns: 3789, Time: 00:12:11

Health: -9/47      AC:  1    Str: 11    XL:     7   Next: 25%
Magic:  7/7        EV: 14    Int: 13    God:    Dithmenos [*.....]
Gold:   188        SH:  0    Dex: 15    Spells: 6/6 levels left

rFire    . . .     SeeInvis .   a - +2 dagger
rCold    . . .     Gourm    .   (no shield)
rNeg     . . .     Faith    .   (helmet restricted)
rPois    .         Spirit   .   (no amulet)
rElec    .         Reflect  .   (no ring)
rCorr    .         Harm     .   (no ring)
MR       .....                  (no ring)
Stlth    +++++.....             (no ring)
Regen    0.2/turn               (no ring)
MPRegen  0.1/turn               (no ring)
                                (no ring)
                                (no ring)

@: wreathed by umbra
A: almost no armour, stealthy swim, amphibious, 8 rings, constrict 8, camouflage
1, gelatinous body 1
a: Renounce Religion


You were on level 5 of the Dungeon.
You worshipped Dithmenos.
Dithmenos was aware of your devotion.
You were not hungry.

You visited 1 branch of the dungeon, and saw 5 of its levels.

You collected 188 gold pieces.

Inventory:

Hand Weapons
 a - a +2 dagger (weapon)
 b - a +0 blowgun
Missiles
 c - 38 poisoned needles
 d - a curare-tipped needle
Wands
 x - a wand of paralysis (18/24)
Scrolls
 g - a scroll of remove curse
 i - a scroll of fog {unknown}
 j - a scroll of immolation {unknown}
 k - a scroll of blinking {unknown}
 l - 2 scrolls of amnesia {unknown}
 t - a scroll of recharging {unknown}
 u - a scroll of noise {unknown}
 w - a scroll of teleportation {unknown}
Potions
 e - a potion of haste {unknown}
 n - a potion of ambrosia {unknown}
 o - a potion of berserk rage {unknown}
 p - a potion of heal wounds {unknown}
 q - a potion of degeneration {unknown}
 s - a potion of mutation {unknown}
 v - a potion of resistance {unknown}
Comestibles
 f - 4 bread rations
 h - 3 fruits
 r - a meat ration


   Skills:
 + Level 3.7 Fighting
 + Level 3.6 Short Blades
 + Level 3.5 Throwing
 + Level 3.1 Dodging
 * Level 7.9 Stealth


You had 6 spell levels left.
You didn't know any spells.

Dungeon Overview and Level Annotations

Branches:
Dungeon (4/15)
 Temple: D:4-7

Altars:
Dithmenos
Elyvilon
Nemelex Xobeh
Yredelemnul


Innate Abilities, Weirdness & Mutations

You cannot wear most types of armour.
You are very stealthy in the water. (Stealth+)
You are amphibious.
You can wear up to eight rings at the same time.
You can use your tentacles to constrict eight enemies at once.
Your skin changes colour to match your surroundings (Stealth+).
Your rubbery body absorbs attacks. (AC +1, EV +1)


Message History

The gnoll misses you. The bullfrog skeleton hits you.
You hit the bullfrog skeleton. Your grab misses the bullfrog skeleton.
You squeeze the bullfrog skeleton.
The bullfrog skeleton is moderately damaged.
The bullfrog skeleton closely misses you.
The gnoll hits you from afar with a spear.
* * * LOW HITPOINT WARNING * * *
You hit the bullfrog skeleton. You grab the bullfrog skeleton.
The bullfrog skeleton is moderately damaged.
You constrict the bullfrog skeleton, but do no damage.
The bullfrog skeleton barely misses you.
The gnoll hits you from afar with a spear.
* * * LOW HITPOINT WARNING * * *
You completely miss the bullfrog skeleton.
You squeeze the bullfrog skeleton!
The bullfrog skeleton is severely damaged.
You constrict the bullfrog skeleton. The bullfrog skeleton hits you.
* * * LOW HITPOINT WARNING * * *
The gnoll hits you from afar with a spear!
You die...

# #.. .#. .# .....# #.#
#.####.##.####
#.###..........##.
#.....## #.##.....
#......# #.##..#.. #.#
#..# #.##..##. #.# #..#
#.##..##.
#@###..###.##..##.
#Z##...(.^........
#..#.g........##..#..
.g.......<..#.......#..
.......###..#.####.....
###..### #..#.# #..#..
#.. .#.... #..#.# #..
.###... ....#.. .. ##
....####.###


You could see a gnoll and a bullfrog skeleton.

Vanquished Creatures
  A sky beast (D:3)
  A hound (D:5)
  A jelly (D:5)
  An orc wizard (D:3)
  A bullfrog skeleton (D:5)
  2 orc priests (D:3)
  A worker ant (D:5)
  A worker ant zombie (D:5)
  7 gnolls
  7 adders
  An ooze (D:3)
  An adder skeleton (D:4)
  2 dart slugs (D:1)
  3 leopard geckos (D:1)
  13 orcs
  6 giant cockroaches
  7 goblins
  7 hobgoblins
  5 kobolds
  2 quokkas (D:3)
  3 ball pythons (D:2)
  5 bats
  4 frilled lizards
  7 rats
89 creatures vanquished.

Notes
Turn   | Place    | Note
-------+----------+-------------------------------------------
     0 | D:1      | Lanoc the Octopode Assassin began the quest for the Orb.
     0 | D:1      | Reached XP level 1. HP: 14/14 MP: 1/1
   142 | D:1      | Reached XP level 2. HP: 18/19 MP: 2/2
   584 | D:1      | Reached XP level 3. HP: 24/24 MP: 3/3
   636 | D:2      | Found a white marble altar of Elyvilon.
   684 | D:2      | Reached skill level 6 in Stealth
  1050 | D:2      | Reached XP level 4. HP: 30/30 MP: 4/4
  1381 | D:3      | HP: 1/30 [orc priest/divine providence (9)]
  1382 | D:3      | Reached XP level 5. HP: 1/35 MP: 5/5
  1758 | D:3      | Found a shadowy altar of Dithmenos.
  1773 | D:3      | Became a worshipper of Dithmenos the Shadowed
  1834 | D:3      | HP: 1/35 [poisoned by an adder]
  2122 | D:3      | Found a basalt altar of Yredelemnul.
  2295 | D:3      | Reached skill level 7 in Stealth
  2671 | D:3      | Noticed a sky beast
  2684 | D:3      | HP: 1/36 [sky beast (5)]
  2685 | D:3      | Killed a sky beast
  2685 | D:3      | Reached XP level 6. HP: 2/42 MP: 6/6
  3416 | D:4      | Noticed a phantom
  3430 | D:4      | You fall through a shaft!
  3430 | D:5      | Entered Level 5 of the Dungeon
  3649 | D:5      | Found a sparkling altar of Nemelex Xobeh.
  3650 | D:5      | Reached XP level 7. HP: 46/46 MP: 7/7
  3746 | D:5      | Reached * piety under Dithmenos
  3789 | D:5      | Mangled by a gnoll

Skill      XL: |  1  2  3  4  5  6  7 |
---------------+----------------------+-----
Stealth        | 6 7 |  7.9
Dodging        | 2 3 |  3.1
Short Blades   | 3 |  3.6
Fighting       | 3 |  3.7
Throwing       | 3 |  3.5

Action                   |  1- 3 |  4- 6 |  7- 9 || total
-------------------------+-------+-------+-------++-------
Melee: Dagger            |    47 |   121 |    28 ||   196
       Constrict         |     9 |    29 |     6 ||    44
       Tentacles         |     9 |    27 |     6 ||    42
 Fire: Blowgun           |     4 |     6 |       ||    10
  Use: Potion            |       |     2 |       ||     2
       Scroll            |       |       |     1 ||     1
 Stab: Sleeping          |    15 |    13 |     4 ||    32
       Distracted        |     1 |     1 |       ||     2
  Eat: Chunk             |       |     8 |     1 ||     9
Armor: Skin              |     1 |     5 |       ||     6
Dodge: Dodged            |    16 |    63 |    17 ||    96
